 Dungeon Crawl Stone Soup version 0.22.1-2-g9c5b331383 (webtiles) character file.

1533488 dopezilla the Hoplite (level 27, 228/288 HPs)
             Began as a Demonspawn Fighter on Nov 18, 2018.
             Was the Champion of Makhleb.
             Escaped with the Orb
             ... and 3 runes on Nov 24, 2018!
             The game lasted 06:47:18 (92385 turns).

dopezilla the Hoplite (Demonspawn Fighter)         Turns: 92385, Time: 06:47:19

Health: 228/288    AC: 40    Str: 23    XL:     27
Magic:  34/37      EV: 16    Int:  8    God:    Makhleb [******]
Gold:   3382       SH: 34    Dex: 23    Spells: 31/43 levels left

rFire    + + .     SeeInvis .   a - +9 broad axe (venom)
rCold    + + .     Gourm    .   g - +10 large shield of Ignorance {rN+ Int-4}
rNeg     + . .     Faith    .   W - +7 gold dragon scales
rPois    +         Spirit   +   (helmet unavailable)
rElec    +         Reflect  .   s - scarf {rC+ rF+}
rCorr    .         Harm     .   v - +2 pair of gloves {Dex+3}
MR       ++++.     Clarity  +   q - +2 pair of boots {run}
Stlth    ..........             j - amulet of guardian spirit
HPRegen  0.58/turn              u - ring of protection from magic
MPRegen  0.25/turn              K - ring of protection from magic

@: agile, quick
A: horns 3, thin metallic scales 3, camouflage 1, clarity, demonic guardian 3,
deterioration 1, dopey 1, powered by pain 3, robust 3, electricity resistance
0: Orb of Zot
}: 3/15 runes: decaying, silver, gossamer
a: Minor Destruction, Lesser Servant of Makhleb, Major Destruction, Greater
Servant of Makhleb, Renounce Religion


You escaped.
You worshipped Makhleb.
Makhleb was exalted by your worship.
You were not hungry.

You visited 11 branches of the dungeon, and saw 53 of its levels.
You visited 1 bazaar.

You collected 7680 gold pieces.
You spent 4298 gold pieces at shops.

Inventory:

Hand Weapons
 a - a +9 broad axe of venom (weapon)
 b - the +10 hand crossbow "Merghezun" {elec, Int+5}
   (You found it on level 1 of the Crypt)

   It charges the ammunition it shoots with electricity; occasionally upon a
   hit, such missiles may discharge and cause terrible harm.
   It affects your intelligence (+5).
 h - a +6 broad axe of draining
Missiles
 X - 1161 bolts
Armour
 g - the +10 large shield of Ignorance (worn) {rN+ Int-4}
   (You found it on level 1 of the Orcish Mines)

   It affects your intelligence (-4).
   It protects you from negative energy.
 q - a +2 pair of boots of running (worn)
 s - a scarf of resistance (worn)
 v - a +2 pair of gloves of dexterity (worn)
 W - +7 gold dragon scales (worn)
Jewellery
 e - the ring "Desch" {rC+ Int-3 Slay+3 SInv Stlth+}
   (You bought it in a shop in a bazaar)

   [ring of protection from cold]

   It affects your intelligence (-3).
   It affects your accuracy and damage with ranged weapons and melee attacks
   (+3).
   It protects you from cold.
   It lets you see invisible.
   It makes you more stealthy.
 j - an amulet of guardian spirit (around neck)
 k - the ring of the Thoughtful Ghosts {Ice Str+5 Slay+5}
   (You acquired it on level 3 of the Realm of Zot)

   [ring of ice]

   It enhances your ice magic.
   It affects your strength (+5).
   It affects your accuracy and damage with ranged weapons and melee attacks
   (+5).
   It makes you vulnerable to fire.
   It protects you from cold.
 u - a ring of protection from magic (left hand)
 H - the ring of Lureall {rCorr rN+}
   (You acquired it on level 2 of the Spider Nest)

   [ring of resist corrosion]

   It protects you from negative energy.
 K - a ring of protection from magic (right hand)
 Z - an uncursed ring of protection from fire
Wands
 i - a wand of acid (28)
 y - a wand of digging (12)
 U - a wand of iceblast (21)
 Y - a wand of clouds (14)
Scrolls
 m - 3 scrolls of fear
 n - 24 scrolls of remove curse
 o - 2 scrolls of identify
 r - 20 scrolls of teleportation
 t - a scroll of magic mapping
 C - a scroll of enchant weapon
 D - 2 scrolls of summoning
 T - 2 scrolls of silence
 V - 9 scrolls of fog
Potions
 d - 9 potions of might
 p - 3 potions of agility
 w - 9 potions of heal wounds
 x - 16 potions of curing
 z - 4 potions of invisibility
 A - 2 potions of cancellation
 E - 10 potions of ambrosia
 G - 2 potions of mutation
 I - 4 potions of berserk rage
 L - 4 potions of resistance
 N - 8 potions of brilliance
 P - 7 potions of haste
 Q - 4 potions of magic
Miscellaneous
 l - 3 boxes of beasts
 B - a lamp of fire
 F - 3 phantom mirrors
 J - a phial of floods
 M - a lightning rod (4/4)
Comestibles
 f - 87 rations


   Skills:
 * Level 19.3 Fighting
 - Level 18.0 Axes
 - Level 10.0 Crossbows
 + Level 18.3 Armour
 + Level 10.5 Dodging
 * Level 21.0 Shields
 + Level 8.7 Spellcasting
 + Level 14.4 Hexes
 + Level 14.3 Charms
 - Level 5.0 Necromancy
 + Level 6.1 Translocations
 - Level 20.0 Invocations


You had 31 spell levels left.
You knew the following spells:

 Your Spells              Type           Power        Failure   Level  Hunger
a - Animate Skeleton      Necr           N/A          65%         1    None
b - Apportation           Tloc           ##....       50%         1    None
c - Song of Slaying       Chrm           ####....     2%          2    ##.....
d - Regeneration          Chrm/Necr      ###.......   36%         3    ###....
e - Spectral Weapon       Hex/Chrm       ####....     5%          3    ###....
f - Blink                 Tloc           N/A          63%         2    ##.....

Your spell library contained the following spells:

 Spells                   Type           Power        Failure   Level  Hunger
 Confusing Touch          Hex            ####..       1%          1    None
 Corona                   Hex            ####...      1%          1    None
 Infusion                 Chrm           ####         1%          1    None
 Slow                     Hex            ####....     2%          2    ##.....
 Confuse                  Hex            ####....     5%          3    ###....
 Tukima's Dance           Hex            ####....     5%          3    ###....
 Shroud of Golubria       Chrm/Tloc      ###.......   16%         2    ##.....
 Cause Fear               Hex            ####......   19%         4    ####...
 Ensorcelled Hibernation  Hex/Ice        ###...       47%         2    ##.....
 Dazzling Spray           Conj/Hex       ###...       71%         3    ###....
 Inner Flame              Hex/Fire       ###.....     71%         3    ###....
 Summon Guardian Golem    Hex/Summ       ###.....     71%         3    ###....
 Corpse Rot               Necr           N/A          78%         2    ##.....
 Sublimation of Blood     Necr           ##........   78%         2    ##.....
 Lesser Beckoning         Tloc           ##........   86%         3    ###....
 Vampiric Draining        Necr           ##........   95%         3    ###....
 Invisibility             Hex            ####....     95%         6    #######
 Fulminant Prism          Conj/Hex       ###.......   98%         4    ####...
 Leda's Liquefaction      Hex/Erth       ###.......   98%         4    ####...
 Excruciating Wounds      Chrm/Necr      ###.......   98%         5    ######.
 Recall                   Summ/Tloc      N/A          99%         3    ###....
 Flame Tongue             Conj/Fire      #....        100%        1    None
 Magic Dart               Conj           #...         100%        1    None
 Sting                    Conj/Pois      #...         100%        1    None
 Summon Butterflies       Summ           #.......     100%        1    None
 Summon Small Mammal      Summ           #...         100%        1    None
 Call Imp                 Summ           #.......     100%        2    ##.....
 Poisonous Vapours        Pois/Air       #.....       100%        2    ##.....
 Searing Ray              Conj           #.....       100%        2    ##.....
 Throw Flame              Conj/Fire      #.....       100%        2    ##.....
 Conjure Flame            Conj/Fire      #.......     100%        3    ###....
 Ignite Poison            Fire/Tmut/Pois #.......     100%        3    ###....
 Mephitic Cloud           Conj/Pois/Air  #.......     100%        3    ###....
 Static Discharge         Conj/Air       #.......     100%        3    ###....
 Animate Dead             Necr           N/A          100%        4    ####...
 Force Lance              Conj/Tloc      #.......     100%        4    ####...
 Ice Form                 Ice/Tmut       #.......     100%        4    ####...
 Iskenderun's Mystic Bla  Conj           #.......     100%        4    ####...
 Olgreb's Toxic Radiance  Pois           #.......     100%        4    ####...
 Petrify                  Tmut/Erth      #.......     100%        4    ####...
 Sticky Flame             Conj/Fire      #.......     100%        4    ####...
 Throw Icicle             Conj/Ice       #.......     100%        4    ####...
 Agony                    Necr           ##......     100%        5    ######.
 Alistair's Intoxication  Tmut/Pois      #.......     100%        5    ######.
 Aura of Abjuration       Summ           #.........   100%        5    ######.
 Bolt of Draining         Conj/Necr      #.........   100%        5    ######.
 Borgnjor's Vile Clutch   Necr/Erth      #.........   100%        5    ######.
 Dispel Undead            Necr           ##......     100%        5    ######.
 Fireball                 Conj/Fire      #.........   100%        5    ######.
 Irradiate                Conj/Tmut      #.........   100%        5    ######.
 Lightning Bolt           Conj/Air       #.........   100%        5    ######.
 Silence                  Hex/Air        ###.......   100%        5    ######.
 Summon Demon             Summ           #.........   100%        5    ######.
 Summon Forest            Summ/Tloc      #.........   100%        5    ######.
 Summon Mana Viper        Hex/Summ       ###.....     100%        5    ######.
 Yara's Violent Unravell  Hex/Tmut       ###.......   100%        5    ######.
 Bolt of Cold             Conj/Ice       #.........   100%        6    #######
 Bolt of Fire             Conj/Fire      #.........   100%        6    #######
 Death Channel            Necr           ##........   100%        6    #######
 Deflect Missiles         Chrm/Air       ##........   100%        6    #######
 Dispersal                Tloc           ##........   100%        6    #######
 Freezing Cloud           Conj/Ice/Air   #.........   100%        6    #######
 Shadow Creatures         Summ           N/A          100%        6    #######
 Simulacrum               Ice/Necr       #.........   100%        6    #######
 Malign Gateway           Summ/Tloc      #.........   100%        7    #######
 Monstrous Menagerie      Summ           #.........   100%        7    #######
 Ring of Flames           Chrm/Fire      ##........   100%        7    #######
 Summon Greater Demon     Summ           #.........   100%        7    #######
 Summon Hydra             Summ           #.........   100%        7    #######
 Discord                  Hex            ####......   100%        8    #######
 Summon Horrible Things   Summ           #.........   100%        8    #######


Dungeon Overview and Level Annotations

Branches:
Dungeon (15/15)            Temple (1/1) D:6            Lair (6/6) D:9
  Swamp (4/4) Lair:3       Spider (4/4) Lair:2        Slime (0/5) Lair:5
    Orc (2/2) D:9             Elf (3/3) Orc:2        Vaults (5/5) D:13
  Crypt (3/3) Vaults:3       Tomb (0/3) Crypt:3      Depths (5/5) D:15
    Zot (5/5) Depths:5

Altars:
Ashenzari
Cheibriados
Dithmenos
Elyvilon
Fedhas
Gozag
Hepliaklqana
Kikubaaqudgha
Makhleb
Nemelex Xobeh
Okawaru
Qazlal
Ru
Sif Muna
Trog
Uskayaw
Vehumet
Wu Jian
Xom
Yredelemnul
Zin
The Shining One
Beogh
Jiyva

Shops:
D:4 (   D:5 ?   D:8 (   D:12 *   Orc:2 }[[   Vaults:2 *   Vaults:4 [
Vaults:5 }   Depths:1 =}=

Portals:
Hell: Depths:1 Depths:2 Depths:3 Depths:4 Depths:5
Abyss: Depths:4 Depths:5
Pandemonium: Depths:3
Ziggurat: Depths:1

Annotations:
D:2 exclusion: downstairs
D:11 exclusion: downstairs
Swamp:2 exclusion: 2 downstairs
Swamp:3 exclusion: downstairs
Orc:1 1 runed door, exclusions: door, downstairs and 4 orange crystal statues
Crypt:3 exclusion: 3 doors, Khufu
Depths:2 3 runed doors, OdinFK's ghost, adept DsAK
Depths:4 1 transporter
Zot:4 2 transporters, exclusion: downstairs, Scypier's ghost, legendary GnWn


Innate Abilities, Weirdness & Mutations

You have a pair of large horns on your head.
You are completely covered in thin metallic scales. (AC +4, rElec)
A powerful demonic guardian rushes to your aid.
You are powered by pain.
You are extremely robust. (+30% HP)
Your skin changes colour to match your surroundings (Stealth+).
You possess an exceptional clarity of mind.
Your body sometimes deteriorates upon taking damage.
You are dopey. (Int -2)
You are resistant to electric shocks. (rElec)


Message History

You completely miss the tormentor. You headbutt the tormentor!!
The tormentor is heavily wounded.
You hit the tormentor but do no damage.
You headbutt the tormentor, but do no damage.
The tormentor is heavily wounded.
You barely miss the tormentor. Your headbutt misses the tormentor.
The tormentor is heavily wounded.
You block the tormentor's attack. x2
You closely miss the tormentor.
The tormentor is heavily wounded.
You block the tormentor's attack.
The tormentor hits you but does no damage.
You slice the tormentor!!
You kill the tormentor!
Makhleb accepts your kill.
You feel better.
Unknown command.
You start resting.
A cacodemon comes into view.
You have escaped!

#...#..#)...#.....#...##.#
#.##.#.≈....≈.....###.##.#
#.##.#.≈..⌠.2.....#..>#..#
#.##.#.≈....≈.....#####.##
#.##.#.#....#.....# #.#
##.##.####≈≈###≈≈#### #.#
..#...##.....#....#.# #.#
.###..##.....≈....≈.# #.#
..#...##.....§.⌠@.≈.# #.#
.......#.....≈....≈.## #.#
......##.....#....#..###.#
.............##≈≈#'.#.##.#
.........#####......##...#
.#.#.##..# #.#....#.##.##
.....##.## #.#.###.###..#
##.####.# #.......#....#
##.# #.# ###.####..⌠..#


You could see a cacodemon.

Vanquished Creatures
  A pandemonium lord (Depths:3)
  2 ancient liches (Zot:5)
  10 orbs of fire
  Mennas (Vaults:3)
  Boris (Crypt:2)
  Sojobo (D:15)
  A greater mummy (Crypt:3)
  Margery (Crypt:1)
  4 Killer Klowns
  A curse toe (Zot:2)
  10 golden dragons
  Nikola (Swamp:4)
  Jory (Vaults:4)
  3 electric golems (Zot:5)
  6 liches
  2 Brimstone Fiends
  14 tentacled monstrosities
  26 Orb Guardians
  2 deep elf master archers (Elf:3)
  7 titans
  8 quicksilver dragons
  2 ancient champions (Crypt:1)
  4 deep elf blademasters (Elf:3)
  6 death cobs
  A sphinx (Vaults:5)
  A thorn hunter (Swamp:4)
  9 shadow dragons
  5 draconian monks
  12 tengu reavers
  Donald (Crypt:1)
  5 revenants
  10 fire giants
  7 storm dragons
  14 draconian knights
  2 deep elf sorcerers (Elf:1)
  3 ghost moths
  3 draconian stormcallers
  6 frost giants
  2 emperor scorpions
  3 iron dragons
  A corrupter (D:13)
  2 cacodemons
  A balrug (Depths:5)
  10 draconian scorchers
  4 curse skulls
  11 vault wardens
  11 draconian shifters
  5 deep elf elementalists
  A juggernaut zombie (Crypt:1)
  3 ghouls (Crypt:2)
  9 draconian annihilators
  9 ironheart preservers
  25 stone giants
  27 very ugly things
  8 vampire knights
  A war gargoyle (Vaults:5)
  4 entropy weavers
  10 black draconians
  6 deep elf annihilators
  8 green draconians
  A lorocyproca (Depths:5)
  8 yellow draconians
  3 deep elf demonologists
  A dire elephant (shapeshifter) (Vaults:5)
  17 white draconians
  4 spark wasps
  8 red draconians
  19 purple draconians
  5 deep elf death magi
  2 merfolk impalers
  13 eidola
  14 ettins
  2 blizzard demons
  10 jiangshi
  A quicksilver dragon zombie (Crypt:3)
  5 great orbs of eyes
  16 fire dragons
  A monstrous demonspawn (D:13)
  3 deep elf high priests
  17 yaktaur captains
  23 hydras
  The ghost of Jynx the Geomancer, a journeyman GrEE of Ashenzari (Lair:2)
  A hell beast (Depths:2)
  26 vault guards
  16 ice dragons
  13 ogre magi
  3 spriggan air magi
  7 alligators
  7 centaur warriors
  2 death yaks (Lair:5)
  4 death knights
  43 two-headed ogres
  27 dancing weapons
  9 deep troll shamans
  Erica (D:8)
  A queen ant (Spider:4)
  An orc high priest (Orc:2)
  3 tengu warriors
  5 vampire magi
  9 deep troll earth magi
  Urug (Orc:1)
  3 spriggan berserkers
  8 hell knights
  A soul eater (D:2)
  6 sun demons
  19 deep elf knights
  3 sixfirhies
  9 shadow wraiths
  5 iron trolls
  A storm dragon zombie (Crypt:1)
  16 skeletal warriors
  2 shadow demons
  A deep troll (shapeshifter) (Vaults:5)
  A swamp dragon (shapeshifter) (Vaults:5)
  3 anaconda zombies
  30 deep trolls
  6 glowing orange brains
  8 swamp dragons
  4 unseen horrors
  A torturous demonspawn (Depths:3)
  4 flayed ghosts
  A spark wasp zombie (D:15)
  8 wizards
  12 deep elf archers
  A harpy (shapeshifter) (Vaults:2)
  4 harpies (Vaults:5)
  3 spriggan druids
  11 ironbrand convokers
  2 shambling mangroves
  An orb spider (shapeshifter) (Elf:2)
  13 phantasmal warriors
  7 necromancers
  29 wolf spiders
  3 orc sorcerers
  37 ugly things
  70 deep elf magi
  A wolf spider zombie (Crypt:1)
  An oklob plant (Lair:2)
  23 orc knights
  10 orb spiders
  An iron dragon skeleton (Depths:2)
  2 stone giant zombies (Crypt:3)
  A fire giant zombie (Crypt:3)
  A frost giant zombie (D:15)
  A shock serpent zombie (Crypt:3)
  4 cyclopes
  A sphinx skeleton (Depths:2)
  27 moths of wrath
  A shadow dragon skeleton (Vaults:5)
  A manticore (shapeshifter) (Vaults:5)
  2 manticores
  2 elephants
  9 vault sentinels
  A moth of wrath (shapeshifter) (Vaults:4)
  A smoke demon (Depths:5)
  2 centaur zombies
  2 fire giant skeletons
  2 rust devils
  2 human skeletons
  A black mamba (Lair:5)
  3 molten gargoyles (Depths:3)
  2 titan simulacra
  A dire elephant zombie (Crypt:3)
  2 torpor snails (Lair:4)
  13 spiny frogs
  An orange demon (D:3)
  4 spectral swamp worms (Depths:4)
  4 rime drakes
  9 freezing wraiths
  10 komodo dragons
  42 yaktaurs
  A gargoyle (D:11)
  2 hellions
  18 demonic crawlers
  A white draconian zombie (Crypt:2)
  12 hellwings
  2 tormentors
  An alligator snapping turtle skeleton (Crypt:2)
  A golden dragon simulacrum (Crypt:2)
  An ice devil (Depths:2)
  A spark wasp simulacrum (Depths:2)
  A catoblepas skeleton (Crypt:1)
  3 guardian mummies
  An efreet (D:13)
  4 polar bears
  3 tengu conjurers
  2 red devils
  A troll (shapeshifter) (Depths:4)
  A queen bee (Spider:2)
  A queen ant zombie (Crypt:2)
  6 meliai
  5 trolls
  9 tyrant leeches
  A harpy skeleton (Crypt:3)
  12 hornets
  A wind drake (shapeshifter) (Vaults:4)
  Prince Ribbit (D:8)
  A hydra skeleton (Crypt:2)
  5 blink frogs
  Grinder (D:3)
  8 bog bodies
  9 hippogriffs
  A hippogriff (shapeshifter) (Vaults:3)
  25 jumping spiders
  An ice dragon zombie (Crypt:1)
  20 slime creatures
  A polar bear (shapeshifter) (D:15)
  2 fire dragon zombies (Crypt:3)
  A blink frog (shapeshifter) (Depths:2)
  A fire giant simulacrum (Vaults:3)
  A satyr zombie (Crypt:2)
  An ettin zombie (Crypt:1)
  2 redbacks (shapeshifter)
  An elf simulacrum (Depths:2)
  51 redbacks
  An air elemental (Depths:5)
  9 flying skulls
  A centaur simulacrum (D:14)
  A spriggan skeleton (D:15)
  3 ynoxinuls
  2 shadows
  13 water elementals
  14 wraiths
  An ettin skeleton (Crypt:2)
  31 tarantellas
  A black mamba zombie (Crypt:3)
  2 elf zombies
  A vampire (D:10)
  3 wyverns
  A basilisk (Lair:3)
  5 fire elementals
  34 yaks
  A yak (shapeshifter) (Depths:2)
  A chaos spawn (Depths:3)
  A neqoxec (Depths:3)
  A steam dragon (D:12)
  2 hungry ghosts
  5 hogs
  22 vampire mosquitoes
  A deep troll zombie (Crypt:2)
  10 wargs
  25 soldier ants
  23 swamp worms
  2 harpy simulacra
  An acid dragon (Vaults:2)
  12 insubstantial wisps
  A merfolk zombie (Crypt:1)
  3 hydra simulacra
  2 water moccasins
  A faun skeleton (Crypt:1)
  6 porcupines
  45 orc warriors
  10 swamp drakes
  An orc zombie (Vaults:2)
  4 ice beasts
  2 snapping turtle zombies (Crypt:3)
  5 sky beasts
  A spiny frog skeleton (Crypt:1)
  An eye of draining (D:13)
  4 phantoms
  4 wolves (Lair:6)
  35 ogres
  19 boggarts
  18 centaurs
  2 necrophages
  5 big kobolds
  9 crocodiles
  3 human zombies
  16 bullfrogs
  A gnoll sergeant (D:9)
  7 earth elementals
  9 wyvern skeletons
  A spriggan zombie (Crypt:3)
  5 scorpions
  3 wights (D:5)
  A troll zombie (Crypt:3)
  16 killer bees
  A yak skeleton (Crypt:1)
  2 electric eels
  A howler monkey (D:6)
  11 crimson imps
  A quasit (D:9)
  A bullfrog zombie (D:9)
  9 hounds
  A bullfrog skeleton (D:9)
  36 orc priests
  6 jellies
  9 centaur skeletons
  An iron imp (Orc:2)
  8 iguanas
  21 orc wizards
  29 worker ants
  A deep dwarf zombie (Crypt:2)
  An acid dragon skeleton (Crypt:2)
  A big kobold skeleton (Crypt:1)
  A human simulacrum (Crypt:1)
  A hound skeleton (D:6)
  2 mummies (Crypt:3)
  A howler monkey zombie (D:8)
  A worker ant zombie (D:11)
  16 gnolls
  6 adders
  4 shadow imps
  A white imp (D:1)
  An ufetubus (D:13)
  2 oozes
  2 adder skeletons
  A lava snake skeleton (Crypt:1)
  2 worms (D:3)
  3 dart slugs
  3 leopard geckos
  123 orcs
  2 ball pythons (D:1)
  2 giant cockroaches
  6 goblins
  9 hobgoblins
  11 jackals
  34 kobolds
  7 quokkas
  A ball python skeleton (D:4)
  3 bats
  13 frilled lizards
  A goblin zombie (Crypt:1)
  A jackal skeleton (D:4)
  2 quokka skeletons
  6 rats
  A rat zombie (Crypt:1)
  2 briar patches (Swamp:4)
  13 bushes
  2 crawling corpses (Vaults:5)
  14 fungi
  47 plants
  5 withered plants
2417 creatures vanquished.

Vanquished Creatures (collateral kills)
  An orb of fire (Zot:4)
  The ghost of Batoph the Conqueror, a legendary HuAr of Ashenzari (Zot:2)
  A shard shrike (Zot:3)
  Xtahua (Crypt:2)
  Saint Roka (Orc:2)
  Arachne (Spider:4)
  The ghost of Morrissey the Executioner, an adept MiBe of Trog (Vaults:4)
  The ghost of topfpfpflanze the Martial Artist, an adept GnTm of Cheibriados (Elf:3)
  A tentacled monstrosity (Depths:5)
  A titan (Vaults:5)
  3 Orb Guardians (Zot:5)
  A deep elf master archer (Elf:3)
  2 quicksilver dragons
  2 sphinxes (D:14)
  A thorn hunter (Swamp:3)
  Kirke (Lair:6)
  6 deep elf sorcerers (Elf:3)
  A frost giant (Depths:2)
  A fire giant (Depths:4)
  3 emperor scorpions (Spider:4)
  A ghost moth (Spider:4)
  5 very ugly things
  An ironheart preserver (Vaults:3)
  A deep elf elementalist (Elf:3)
  A stone giant (Depths:1)
  A black draconian (Zot:2)
  An entropy weaver (Spider:2)
  A deep elf demonologist (Elf:3)
  A dire elephant (Lair:6)
  A white draconian (Zot:3)
  2 green draconians
  A red draconian (Zot:2)
  2 spark wasps
  A blizzard demon (Depths:2)
  3 jiangshi (Crypt:1)
  Josephine (Lair:6)
  2 eidola
  An ettin (Depths:3)
  A deep elf high priest (Vaults:5)
  2 fire dragons
  4 yaktaur captains
  3 vault guards
  An ice dragon (Depths:5)
  Erolcha (Orc:2)
  Fannar (Lair:1)
  6 hydras
  Harold (D:7)
  A spriggan air mage (Depths:2)
  9 two-headed ogres
  2 centaur warriors (D:14)
  3 alligators
  An anaconda (shapeshifter) (Vaults:1)
  4 death yaks (Lair:5)
  2 catoblepae
  A merfolk avatar (Lair:6)
  4 ogre magi
  2 dancing weapons
  A tengu warrior (D:14)
  A deep troll earth mage (Depths:3)
  A spriggan berserker (Swamp:4)
  A small abomination (Elf:3)
  A hell knight (Depths:5)
  Nergalle (D:10)
  4 orc high priests (Orc:2)
  2 deep elf knights
  An iron troll (Depths:2)
  A deep troll (Depths:3)
  An unseen horror (Vaults:1)
  4 skeletal warriors
  A spriggan druid (Swamp:3)
  2 phantasmal warriors
  3 swamp dragons
  An ironbrand convoker (Vaults:2)
  5 orc knights
  A lindwurm (shapeshifter) (Depths:1)
  Pikel (D:6)
  A wizard (Vaults:2)
  2 wolf spiders (Spider:4)
  3 deep elf magi
  2 orc sorcerers
  17 ugly things
  2 vault sentinels
  A black mamba (Lair:3)
  Joseph (D:7)
  6 spiny frogs
  A spectral swamp worm (Depths:4)
  2 centaur skeletons (D:14)
  8 yaktaurs
  A freezing wraith (Vaults:4)
  A demonic crawler (Spider:4)
  2 komodo dragons
  A red devil (Depths:2)
  A jumping spider (Spider:4)
  2 wind drakes
  A tyrant leech (Swamp:4)
  A troll (Vaults:3)
  6 hornets
  3 bog bodies
  3 hippogriffs (Lair:3)
  8 slime creatures
  A spriggan (Swamp:3)
  A flying skull (Crypt:2)
  A satyr zombie (Crypt:2)
  An elf skeleton (Vaults:5)
  A shadow (D:14)
  2 tarantellas (Spider:4)
  2 wraiths (Lair:6)
  2 ynoxinuls (Depths:2)
  4 redbacks
  3 hungry ghosts
  18 yaks
  A hog (Lair:6)
  3 vampire mosquitoes
  2 basilisks (Lair:2)
  A neqoxec (Depths:3)
  4 insubstantial wisps (Swamp:3)
  7 wargs
  A soldier ant (Spider:4)
  4 water moccasins
  4 swamp drakes
  15 orc warriors
  A hornet zombie (D:14)
  A slave (D:7)
  4 ogres
  A boggart (Vaults:2)
  A centaur (D:14)
  3 crocodiles
  3 bullfrogs
  2 big kobolds
  A wyvern skeleton (Crypt:3)
  A scorpion (D:7)
  A howler monkey (D:4)
  2 centaur zombies
  A crimson imp (D:12)
  11 orc priests
  A hound (D:5)
  5 orc wizards
  2 worker ants
  A gnoll (D:10)
  A shadow imp (D:12)
  A white imp (Orc:2)
  A leopard gecko (D:12)
  25 orcs
  2 kobolds
  A bush (Lair:6)
  2 crawling corpses (Elf:3)
369 creatures vanquished.

Vanquished Creatures (others)
  A pandemonium lord (Depths:3)
  A lich (Depths:3)
  A storm dragon (Zot:5)
  A red draconian (Depths:5)
  A vampire mage (Vaults:3)
  2 deep elf magi (Elf:1)
  2 moths of wrath (Zot:5)
  A tengu conjurer (Depths:3)
  A bog body (Swamp:4)
  A vampire mosquito (Swamp:1)
  A porcupine (Lair:3)
  2 slaves (D:7)
  2 boggarts (Vaults:2)
  An orc wizard (Orc:2)
  3 orcs (Orc:2)
  2 bushes
  6 fungi
  44 plants
  8 toadstools (Lair:2)
  10 withered plants (Crypt:3)
91 creatures vanquished.

Grand Total: 2877 creatures vanquished

Notes
Turn   | Place    | Note
-------+----------+-------------------------------------------
     0 | D:1      | dopezilla the Demonspawn Fighter began the quest for the
                  | Orb.
     0 | D:1      | Reached XP level 1. HP: 18/18 MP: 1/1
   210 | D:1      | Gained mutation: You sometimes gain a little power by
                  | taking damage. [demonic ancestry]
   210 | D:1      | Reached XP level 2. HP: 21/24 MP: 2/2
   771 | D:1      | Gained mutation: You sometimes gain power by taking damage.
                  | [demonic ancestry]
   771 | D:1      | Reached XP level 3. HP: 29/29 MP: 3/3
  1106 | D:2      | Found a faded altar of an unknown god.
  1153 | D:2      | Reached skill level 3 in Shields
  1390 | D:2      | Noticed a bullfrog
  1397 | D:2      | Killed a bullfrog
  1397 | D:2      | Reached skill level 1 in Dodging
  1397 | D:2      | Reached XP level 4. HP: 21/35 MP: 4/4
  1704 | D:2      | Reached XP level 5. HP: 31/41 MP: 5/5
  3435 | D:3      | Noticed Grinder
  3445 | D:3      | Killed Grinder
  3445 | D:3      | Gained mutation: A weak demonic guardian rushes to your
                  | aid. [demonic ancestry]
  3445 | D:3      | Reached XP level 6. HP: 47/48 MP: 6/6
  3908 | D:4      | Found Unkiloof's Antique Weapon Emporium.
  3928 | D:4      | Gained mutation: A demonic guardian rushes to your aid.
                  | [demonic ancestry]
  3928 | D:4      | Reached XP level 7. HP: 49/54 MP: 7/7
  4074 | D:4      | Reached skill level 4 in Shields
  4655 | D:4      | Learned a level 1 spell: Animate Skeleton
  4657 | D:4      | Learned a level 1 spell: Apportation
  5094 | D:4      | Found a sacrificial altar of Ru.
  5135 | D:5      | Entered Level 5 of the Dungeon
  5176 | D:5      | Reached skill level 5 in Axes
  5222 | D:5      | Reached skill level 1 in Necromancy
  5614 | D:5      | Found Raij's Magic Scroll Boutique.
  5621 | D:5      | Bought a scroll of blinking for 90 gold pieces
  5621 | D:5      | Bought 3 scrolls of teleportation for 108 gold pieces
  5881 | D:5      | Reached skill level 1 in Spellcasting
  5881 | D:5      | Reached XP level 8. HP: 46/61 MP: 9/9
  6477 | D:6      | Found a staircase to the Ecumenical Temple.
  6504 | Temple   | Entered the Ecumenical Temple
  6599 | Temple   | Became a worshipper of Makhleb the Destroyer
  6874 | D:6      | Reached skill level 1 in Invocations
  7352 | D:7      | Noticed Pikel
  7363 | D:6      | Killed Pikel
  7363 | D:6      | Reached skill level 5 in Fighting
  7568 | D:7      | Noticed Joseph
  7574 | D:7      | Killed Joseph
  7574 | D:7      | Gained mutation: You are partially covered in thin metallic
                  | scales. (AC +2) [demonic ancestry]
  7574 | D:7      | Reached XP level 9. HP: 58/68 MP: 12/12
  8160 | D:7      | Noticed Harold
  8490 | D:7      | Killed Harold
  8490 | D:7      | Reached skill level 5 in Armour
  8526 | D:7      | Reached skill level 5 in Shields
  8891 | D:8      | Reached skill level 5 in Invocations
  8910 | D:8      | Noticed Erica
  8942 | D:8      | Killed Erica
  9335 | D:8      | Reached * piety under Makhleb
  9340 | D:8      | Noticed Prince Ribbit
  9346 | D:8      | Killed Prince Ribbit
  9676 | D:8      | Gained mutation: You are mostly covered in thin metallic
                  | scales. (AC +3) [demonic ancestry]
  9676 | D:8      | Reached XP level 10. HP: 74/76 MP: 14/14
 10294 | D:8      | Found Vakkis's Antique Weapon Emporium.
 10367 | D:8      | You fall through a shaft for 3 floors!
 10415 | D:10     | Entered Level 10 of the Dungeon
 10474 | D:10     | Noticed a two-headed ogre
 10514 | D:10     | Killed a two-headed ogre
 10872 | D:9      | Reached ** piety under Makhleb
 11060 | D:9      | Noticed a two-headed ogre
 11205 | D:9      | Killed a two-headed ogre
 11496 | D:9      | Noticed a two-headed ogre
 11506 | D:9      | Killed a two-headed ogre
 11637 | D:9      | Paralysed by a hornet for 3 turns
 11755 | D:9      | Found a staircase to the Orcish Mines.
 11904 | D:9      | Found a staircase to the Lair.
 12113 | D:9      | Reached *** piety under Makhleb
 12113 | D:9      | Reached skill level 6 in Shields
 12301 | D:10     | Reached XP level 11. HP: 77/83 MP: 17/17
 12551 | D:10     | Noticed Nergalle
 12560 | D:10     | Killed Nergalle
 12780 | D:10     | Killed an unseen horror
 13278 | Lair:1   | Entered Level 1 of the Lair of Beasts
 13349 | Lair:1   | Noticed Fannar
 13375 | Lair:1   | Killed Fannar
 14273 | Lair:2   | Noticed a four-headed hydra
 14282 | Lair:2   | Killed a two-headed hydra
 14357 | Lair:2   | Found a runed door.
 14357 | Lair:2   | Noticed Jynx's ghost (journeyman GrEE)
 14406 | Lair:2   | Found a hole to the Spider Nest.
 14941 | Lair:2   | Noticed a six-headed hydra
 14967 | Lair:2   | Killed a six-headed hydra
 15621 | Lair:2   | Found a blossoming altar of Fedhas.
 15639 | Lair:2   | Noticed an oklob plant
 16328 | Lair:3   | Reached skill level 10 in Invocations
 16753 | Lair:3   | Found a staircase to the Swamp.
 17629 | Lair:4   | Gained mutation: You have a pair of small horns on your
                  | head. [demonic ancestry]
 17629 | Lair:4   | Reached XP level 12. HP: 88/91 MP: 19/19
 17709 | Lair:4   | Reached skill level 7 in Shields
 18795 | Lair:5   | Reached **** piety under Makhleb
 19269 | Lair:5   | Noticed a six-headed hydra
 19278 | Lair:5   | Killed a three-headed hydra
 19599 | Lair:5   | Found a viscous altar of Jiyva.
 19599 | Lair:5   | Found a staircase to the Slime Pits.
 19685 | Lair:5   | Reached skill level 10 in Axes
 19932 | Lair:5   | Noticed a catoblepas
 19962 | Lair:5   | Killed a catoblepas
 21206 | Lair:6   | Entered Level 6 of the Lair of Beasts
 21206 | Lair:6   | Noticed Kirke
 21206 | Lair:6   | Noticed a four-headed hydra
 21352 | Lair:6   | Noticed a death yak
 21472 | Lair:6   | Noticed a five-headed hydra
 21480 | Lair:6   | Noticed a death yak
 21480 | Lair:6   | Noticed a death yak
 21491 | Lair:5   | Killed a death yak
 21836 | Lair:5   | Killed a one-headed hydra
 22255 | Lair:5   | Found a viscous altar of Jiyva.
 22255 | Lair:5   | Found a staircase to the Slime Pits.
 22682 | Lair:5   | Killed a one-headed hydra
 22682 | Lair:5   | Reached skill level 10 in Armour
 22921 | Lair:6   | Killed Kirke
 23017 | Lair:6   | Reached skill level 8 in Shields
 23183 | Lair:6   | Reached XP level 13. HP: 99/99 MP: 20/20
 24510 | Lair:6   | Got a slimy plate armour
 24573 | Lair:5   | Identified the cursed +1 plate armour of the Lich-sworn
                  | {+Inv rF+ rC- Int+3 Stlth+} (You found it on level 6 of the
                  | Lair of Beasts)
 24916 | Lair:6   | Noticed Josephine
 24921 | Lair:6   | Killed Josephine
 25418 | Lair:6   | Identified a scroll of acquirement
 25421 | Lair:6   | Got a transparent ring mail
 25432 | Lair:6   | Identified the +1 ring mail of the Peculiar Lies {rPois rC+
                  | Regen+ SInv} (You acquired it on level 6 of the Lair of
                  | Beasts)
 25623 | Lair:6   | Noticed a dire elephant
 25649 | Lair:6   | Killed a dire elephant
 27342 | D:11     | Reached skill level 5 in Necromancy
 28128 | D:12     | Found a bloodstained altar of Trog.
 28175 | D:12     | Reached ***** piety under Makhleb
 28370 | D:12     | Found Ukko Tenk's Assorted Antiques.
 28377 | D:12     | Bought a glowing silver wand for 72 gold pieces
 28377 | D:12     | Bought a glowing scarf for 144 gold pieces
 28377 | D:12     | Bought a blackened opal ring for 90 gold pieces
 28377 | D:12     | Bought a scroll of identify for 36 gold pieces
 28377 | D:12     | Bought a scroll of identify for 36 gold pieces
 28501 | D:12     | Reached skill level 9 in Shields
 28948 | D:13     | Gained mutation: You have a pair of horns on your head.
                  | [demonic ancestry]
 28948 | D:13     | Reached XP level 14. HP: 109/109 MP: 21/21
 29349 | D:13     | Found a gate to the Vaults.
 29669 | D:14     | You fall through a shaft!
 29669 | D:15     | Entered Level 15 of the Dungeon
 29761 | D:14     | Reached skill level 10 in Fighting
 30411 | Orc:1    | Entered Level 1 of the Orcish Mines
 30437 | Orc:1    | Found the +10 large shield of Ignorance {rN+ Int-4}
 30443 | Orc:1    | Found a runed door.
 30459 | Orc:1    | Found a runed door.
 31120 | Orc:2    | Entered Level 2 of the Orcish Mines
 31402 | Orc:2    | Reached skill level 1 in Translocations
 31525 | Orc:2    | Found a staircase to the Elven Halls.
 31578 | Orc:2    | Noticed Erolcha
 31587 | Orc:2    | Killed Erolcha
 32012 | Orc:2    | Noticed Saint Roka
 32249 | Orc:2    | Killed Saint Roka
 33023 | Orc:2    | Found Cuup's Book Emporium.
 33023 | Orc:2    | Found Janib's Armour Emporium.
 33024 | Orc:2    | Found Bebbaetz's Gadget Shoppe.
 33024 | Orc:2    | Found Jezxowk's Antique Armour Emporium.
 33034 | Orc:2    | Bought an embroidered cloak for 210 gold pieces
 33035 | Orc:2    | Bought a +1 pair of gloves of dexterity for 214 gold pieces
 33035 | Orc:2    | Bought a +1 cloak of poison resistance for 175 gold pieces
 33035 | Orc:2    | Bought a +0 pair of boots of running for 409 gold pieces
 33154 | Orc:1    | Noticed Urug
 33171 | Orc:1    | Killed Urug
 33586 | Orc:1    | Found a roughly hewn altar of Beogh.
 34242 | D:14     | Gained mutation: You are completely covered in thin
                  | metallic scales. (AC +4, rElec) [demonic ancestry]
 34242 | D:14     | Reached XP level 15. HP: 117/117 MP: 23/23
 34452 | D:14     | Noticed a sphinx
 34455 | D:14     | Paralysed by a sphinx for 7 turns
 34686 | D:14     | You fall through a shaft!
 34829 | D:15     | Found a staircase to the Depths.
 35138 | D:15     | Reached ****** piety under Makhleb
 35361 | D:15     | Found a glowing golden altar of the Shining One.
 35435 | D:15     | Reached skill level 10 in Shields
 35834 | D:15     | Found an iron altar of Okawaru.
 35972 | D:14     | Paralysed by a sphinx for 4 turns
 35974 | D:14     | Killed a sphinx
 36013 | D:14     | Noticed a sphinx
 36014 | D:14     | Paralysed by a sphinx for 2 turns
 36038 | D:14     | Killed a sphinx
 36038 | D:14     | Reached skill level 5 in Translocations
 36264 | D:14     | Identified the +2 crystal plate armour "Faeptoxa" {Str+2}
                  | (You acquired it on level 14 of the Dungeon)
 37000 | Swamp:1  | Entered Level 1 of the Swamp
 39621 | Swamp:3  | Found a runed door.
 39669 | Swamp:3  | Gained mutation: You have a pair of large horns on your
                  | head. [demonic ancestry]
 39669 | Swamp:3  | Reached XP level 16. HP: 125/125 MP: 25/25
 39711 | Swamp:3  | Noticed a thorn hunter
 39721 | Swamp:3  | Killed a thorn hunter
 39889 | Swamp:4  | Entered Level 4 of the Swamp
 40261 | Swamp:4  | Noticed a thorn hunter
 40279 | Swamp:4  | Killed a thorn hunter
 40279 | Swamp:4  | Reached skill level 11 in Shields
 40586 | Swamp:4  | Noticed Nikola
 40688 | Swamp:4  | Killed Nikola
 41078 | Swamp:4  | Got a decaying rune of Zot
 41282 | Spider:1 | Entered Level 1 of the Spider Nest
 42111 | Spider:2 | Got a vibrating ivory ring
 42112 | Spider:2 | Identified the ring of Lureall {rCorr rN+} (You acquired it
                  | on level 2 of the Spider Nest)
 43828 | Spider:3 | Reached XP level 17. HP: 133/133 MP: 28/28
 44436 | Spider:4 | Entered Level 4 of the Spider Nest
 44449 | Spider:3 | Reached skill level 15 in Invocations
 44450 | Spider:3 | Reached skill level 12 in Shields
 44575 | Spider:4 | Noticed Arachne
 44592 | Spider:4 | Killed Arachne
 46126 | Spider:4 | Reached skill level 15 in Axes
 46303 | Spider:4 | Got a gossamer rune of Zot
 46521 | Lair:2   | Killed Jynx's ghost
 46994 | Elf:1    | Entered Level 1 of the Elven Halls
 47200 | Vaults:1 | Entered Level 1 of the Vaults
 47519 | Vaults:1 | Gained mutation: You are robust. (+10% HP) [demonic
                  | ancestry]
 47519 | Vaults:1 | Reached XP level 18. HP: 135/155 MP: 29/29
 47606 | Vaults:1 | Reached skill level 5 in Dodging
 47985 | Vaults:1 | Reached skill level 13 in Shields
 49009 | Vaults:2 | Paralysed by a wizard for 2 turns
 49605 | Vaults:2 | Paralysed by an ogre mage for 5 turns
 49623 | Vaults:2 | Found Botops's Assorted Antiques.
 49642 | Vaults:2 | Bought a potion of resistance for 330 gold pieces
 50508 | Vaults:3 | Reached XP level 19. HP: 163/163 MP: 31/31
 50804 | Vaults:3 | Found a flickering gateway to a bazaar.
 50837 | Bazaar   | Entered a bazaar
 50844 | Bazaar   | Found Goestineo's Weapon Shop.
 50858 | Bazaar   | Found Effy's Food Boutique.
 50886 | Bazaar   | Found Ithued's Food Boutique.
 50900 | Bazaar   | Found Quigauno's Jewellery Shop.
 50908 | Bazaar   | Bought the ring "Desch" {rC+ Int-3 Slay+3 SInv Stlth+} for
                  | 362 gold pieces
 50914 | Bazaar   | Found Narghus's Food Boutique.
 50928 | Bazaar   | Found Carreje's Assorted Antiques.
 50962 | Bazaar   | Bought a scroll of magic mapping for 98 gold pieces
 50962 | Bazaar   | Bought a scroll of enchant weapon for 210 gold pieces
 50990 | Bazaar   | Bought an uncursed amulet of guardian spirit for 240 gold
                  | pieces
 51189 | Bazaar   | Bought an uncursed amulet of the acrobat for 240 gold
                  | pieces
 51189 | Bazaar   | Bought an uncursed ring of see invisible for 120 gold
                  | pieces
 51249 | Bazaar   | Bought a potion of mutation for 224 gold pieces
 51798 | Vaults:3 | Reached skill level 14 in Shields
 51998 | Vaults:3 | Noticed Mennas
 52590 | Vaults:3 | Noticed a lich
 53051 | Vaults:3 | Killed a lich
 53135 | Vaults:3 | Killed Mennas
 53624 | Vaults:3 | Found a staircase to the Crypt.
 54367 | Vaults:4 | Noticed Jory
 54412 | Vaults:4 | Killed Jory
 54635 | Vaults:4 | Found a runed gate.
 54635 | Vaults:4 | Found a runed gate.
 54635 | Vaults:4 | Found a runed gate.
 54636 | Vaults:4 | Noticed Morrissey's ghost (adept MiBe)
 54884 | Vaults:4 | Found Moank's Armour Emporium.
 55040 | Vaults:5 | Entered Level 5 of the Vaults
 55497 | Elf:1    | Identified the Incunabulum of Attacks and Summoning
 56032 | Elf:1    | Gained mutation: You are very robust. (+20% HP) [demonic
                  | ancestry]
 56032 | Elf:1    | Reached XP level 20. HP: 166/189 MP: 30/32
 56175 | Elf:1    | Learned a level 2 spell: Song of Slaying
 56179 | Elf:1    | Learned a level 3 spell: Regeneration
 56183 | Elf:1    | Learned a level 3 spell: Spectral Weapon
 56186 | Elf:1    | Learned a level 2 spell: Blink
 56807 | Elf:2    | Reached skill level 10 in Dodging
 56854 | Elf:2    | Reached skill level 15 in Shields
 57187 | Elf:2    | Found a runed gate.
 57187 | Elf:2    | Found a runed gate.
 57300 | Elf:2    | Found a runed gate.
 58123 | Elf:3    | Entered Level 3 of the Elven Halls
 58326 | Elf:3    | Found a runed door.
 58330 | Elf:3    | Found a shimmering altar of Xom.
 58330 | Elf:3    | Noticed topfpfpflanze's ghost (adept GnTm)
 59328 | Elf:3    | Identified Toeppor's Handbook of Floating Clay
 59334 | Elf:3    | Identified the Tome of Lethal Necromancy
 59347 | Elf:3    | Identified Icattecy's Secret Knowledge Continued
 59390 | Elf:3    | Got a fine cloak
 59654 | Elf:3    | Identified Sif Muna's Reference Book on Freezing Companions
 59981 | Elf:3    | Identified the +2 cloak "Mojets" {Str+2 Int+6} (You found
                  | it on level 3 of the Elven Halls)
 60327 | Depths:1 | Entered Level 1 of the Depths
 60494 | Depths:1 | Noticed Sojobo
 60771 | D:15     | Killed Sojobo
 60771 | D:15     | Reached skill level 16 in Shields
 60832 | Depths:1 | Reached XP level 21. HP: 199/199 MP: 30/33
 61321 | Depths:1 | Found a gateway to Hell.
 61586 | Depths:1 | Reached skill level 15 in Fighting
 61612 | Depths:1 | Found Xeseic's Jewellery Boutique.
 61638 | Depths:1 | Found Wiosoch's Gadget Emporium.
 61640 | Depths:1 | Found Umnaezeb's Jewellery Boutique.
 61649 | Depths:1 | Bought an uncursed ring of protection from magic for 550
                  | gold pieces
 61689 | Depths:1 | Found a gateway to a ziggurat.
 61999 | Depths:2 | Reached skill level 1 in Hexes
 62001 | Depths:2 | Reached skill level 1 in Charms
 62153 | Depths:2 | Paralysed by a vampire knight for 2 turns
 62419 | Depths:2 | Found a runed gate.
 62420 | Depths:2 | Found a runed gate.
 62433 | Depths:2 | Found a runed gate.
 62435 | Depths:2 | Noticed OdinFK's ghost (adept DsAK)
 62567 | Depths:2 | Reached skill level 5 in Spellcasting
 63098 | Depths:3 | Found a one-way gate leading to the halls of Pandemonium.
 63315 | Depths:3 | Reached XP level 22. HP: 210/210 MP: 32/34
 63881 | Depths:2 | Reached skill level 17 in Shields
 64109 | Depths:4 | Found a one-way gate to the infinite horrors of the Abyss.
 64167 | Depths:4 | Reached skill level 15 in Armour
 65491 | Depths:4 | Reached skill level 5 in Hexes
 65680 | Depths:4 | Reached skill level 5 in Charms
 66218 | Depths:4 | Found a transporter.
 66221 | Depths:4 | Found a viscous altar of Jiyva.
 66744 | Depths:5 | Entered Level 5 of the Depths
 66886 | Depths:5 | Noticed a golden dragon
 66897 | Depths:5 | Killed a golden dragon
 67837 | Depths:5 | Gained mutation: You are powered by pain. [demonic
                  | ancestry]
 67837 | Depths:5 | Reached XP level 23. HP: 216/219 MP: 31/36
 67874 | Depths:5 | Found a gate to the Realm of Zot.
 67894 | Depths:5 | Found a stormy altar of Qazlal.
 68638 | Crypt:1  | Entered Level 1 of the Crypt
 68784 | Crypt:1  | Noticed Donald
 68804 | Crypt:1  | Killed Donald
 68982 | Crypt:1  | Noticed Margery
 68992 | Crypt:1  | Killed Margery
 69442 | Crypt:1  | Got a crude hand crossbow
 69591 | Crypt:1  | Identified Sif Muna's Guide on Necromancy
 69873 | Crypt:2  | Noticed Xtahua
 69875 | Crypt:2  | Paralysed by Xtahua for 5 turns
 69919 | Crypt:2  | Killed Xtahua
 70020 | Crypt:2  | Paralysed by a vampire knight for 5 turns
 70321 | Crypt:2  | Noticed Boris
 70337 | Crypt:2  | Killed Boris
 70629 | Crypt:3  | Entered Level 3 of the Crypt
 70860 | Crypt:3  | Noticed a greater mummy
 70862 | Crypt:3  | Noticed a greater mummy
 70862 | Crypt:3  | Noticed Khufu
 71140 | Vaults:4 | Reached skill level 10 in Hexes
 71245 | Vaults:4 | Reached XP level 24. HP: 229/229 MP: 32/36
 71490 | Vaults:4 | Identified the +10 hand crossbow "Merghezun" {elec, Int+5}
                  | (You found it on level 1 of the Crypt)
 71514 | Vaults:4 | Reached skill level 10 in Charms
 71586 | Vaults:5 | Reached skill level 1 in Crossbows
 71611 | Vaults:5 | Reached skill level 18 in Shields
 72137 | Vaults:4 | Killed Morrissey's ghost
 72840 | Vaults:4 | Found Moank's Armour Emporium.
 74004 | Vaults:5 | Found Aschuafy's Gadget Shoppe.
 74006 | Vaults:5 | Identified Easy Spellcasting
 74016 | Vaults:5 | Bought a box of beasts for 340 gold pieces
 74391 | Vaults:5 | Got a scorched steel ring
 74392 | Vaults:5 | Identified the Volume of Fetching Orientation
 74395 | Vaults:5 | Got a silver rune of Zot
 74472 | Vaults:5 | Gained mutation: You are extremely robust. (+30% HP)
                  | [demonic ancestry]
 74472 | Vaults:5 | Reached XP level 25. HP: 234/261 MP: 37/37
 74501 | Vaults:5 | Identified the ring of the Villain {Int+4 Dex+2 Slay-5
                  | Stlth+} (You found it on level 5 of the Vaults)
 76157 | Crypt:3  | Reached skill level 5 in Crossbows
 76427 | Crypt:3  | Killed a greater mummy
 77464 | Crypt:3  | Found a staircase to the Tomb.
 78089 | Elf:3    | Killed topfpfpflanze's ghost
 78759 | Zot:1    | Entered Level 1 of the Realm of Zot
 80857 | Zot:2    | Reached skill level 19 in Shields
 81712 | Zot:2    | Found a runed door.
 81712 | Zot:2    | Noticed Batoph's ghost (legendary HuAr)
 82193 | Zot:2    | Killed Batoph's ghost
 82193 | Zot:2    | Reached XP level 26. HP: 227/273 MP: 35/37
 82702 | Zot:3    | Noticed an orb of fire
 82717 | Zot:3    | Gained mutation: You are weak. (Str -2) [an orb of fire]
 82733 | Zot:3    | Killed an orb of fire
 83825 | Zot:3    | Got a vibrating bronze ring
 83827 | Zot:3    | Identified the ring of the Thoughtful Ghosts {Ice Str+5
                  | Slay+5} (You acquired it on level 3 of the Realm of Zot)
 84288 | Zot:4    | Found a transporter.
 84293 | Zot:4    | Noticed Scypier's ghost (legendary GnWn)
 84309 | Zot:4    | Found a transporter.
 85495 | Zot:5    | Entered Level 5 of the Realm of Zot
 85804 | Zot:5    | Noticed an ancient lich
 85804 | Zot:5    | Paralysed by an ancient lich for 3 turns
 85827 | Zot:5    | Noticed an orb of fire
 85830 | Zot:5    | Noticed an orb of fire
 85834 | Zot:5    | Gained mutation: You tend to lose your temper in combat.
                  | [an orb of fire]
 85835 | Zot:5    | Gained mutation: You are dopey. (Int -2) [an orb of fire]
 85836 | Zot:5    | Gained mutation: You do not regenerate when monsters are
                  | visible. [an orb of fire]
 85842 | Zot:5    | Gained mutation: You are very weak. (Str -4) [an orb of
                  | fire]
 85843 | Zot:5    | Killed an orb of fire
 85850 | Zot:5    | Killed an ancient lich
 85850 | Zot:5    | Gained mutation: A powerful demonic guardian rushes to your
                  | aid. [demonic ancestry]
 85850 | Zot:5    | Reached XP level 27. HP: 253/284 MP: 28/37
 85856 | Zot:5    | Gained mutation: You are resistant to electric shocks.
                  | (rElec) [an orb of fire]
 85859 | Zot:5    | Gained mutation: You occasionally shout uncontrollably at
                  | your foes. [an orb of fire]
 85886 | Zot:4    | Killed an orb of fire
 86146 | Zot:5    | Reached skill level 20 in Shields
 86857 | Zot:5    | Noticed an orb of fire
 86860 | Zot:5    | Lost mutation: You occasionally shout uncontrollably at
                  | your foes. [potion of mutation]
 86860 | Zot:5    | Lost mutation: You tend to lose your temper in combat.
                  | [potion of mutation]
 86860 | Zot:5    | Gained mutation: You have large cloven feet. [potion of
                  | mutation]
 86860 | Zot:5    | Lost mutation: You are dopey. (Int -2) [potion of mutation]
 86860 | Zot:5    | Gained mutation: Your flesh is heat resistant. (rF+)
                  | [potion of mutation]
 86864 | Zot:5    | Noticed an orb of fire
 86889 | Zot:5    | Gained mutation: You are clumsy. (Dex -2) [an orb of fire]
 86889 | Zot:5    | Gained mutation: You occasionally shout uncontrollably at
                  | your foes. [an orb of fire]
 86890 | Zot:5    | Gained mutation: You are very clumsy. (Dex -4) [an orb of
                  | fire]
 87411 | Zot:5    | Killed an orb of fire
 87498 | Zot:5    | Noticed an orb of fire
 87504 | Zot:5    | Gained mutation: Your magical capacity is low. (-10% MP)
                  | [an orb of fire]
 87508 | Zot:5    | Gained mutation: You are dopey. (Int -2) [an orb of fire]
 87511 | Zot:5    | Killed an orb of fire
 87523 | Zot:5    | Lost mutation: You are very weak. (Str -4) [potion of
                  | mutation]
 87523 | Zot:5    | Lost mutation: You occasionally shout uncontrollably at
                  | your foes. [potion of mutation]
 87523 | Zot:5    | Lost mutation: You do not regenerate when monsters are
                  | visible. [potion of mutation]
 87523 | Zot:5    | Lost mutation: Your flesh is heat resistant. (rF+) [potion
                  | of mutation]
 87523 | Zot:5    | Lost mutation: Your magical capacity is low. (-10% MP)
                  | [potion of mutation]
 87523 | Zot:5    | Gained mutation: Your skin changes colour to match your
                  | surroundings (Stealth+). [potion of mutation]
 87523 | Zot:5    | Lost mutation: You are dopey. (Int -2) [potion of mutation]
 87523 | Zot:5    | Gained mutation: Your spells are a little harder to cast,
                  | but a little more powerful. [potion of mutation]
 87563 | Zot:5    | Noticed an orb of fire
 87576 | Zot:5    | Killed an orb of fire
 87576 | Zot:5    | Gained mutation: Your magical capacity is low. (-10% MP)
                  | [an orb of fire]
 87582 | Zot:5    | Gained mutation: Scrolls take you a little longer to read.
                  | [an orb of fire]
 87583 | Zot:5    | Killed an orb of fire
 88221 | Zot:5    | Noticed an orb of fire
 88240 | Zot:5    | Killed an orb of fire
 89519 | Zot:5    | Noticed an ancient lich
 89531 | Zot:5    | Killed an ancient lich
 89645 | Zot:5    | Noticed an orb of fire
 89661 | Zot:5    | Gained mutation: You do not regenerate when monsters are
                  | visible. [an orb of fire]
 89662 | Zot:5    | Lost mutation: Your spells are a little harder to cast, but
                  | a little more powerful. [an orb of fire]
 89667 | Zot:5    | Killed an orb of fire
 89947 | Zot:5    | Reached skill level 10 in Crossbows
 90000 | Zot:5    | Noticed an orb of fire
 90010 | Zot:5    | Gained mutation: You are very weak. (Str -4) [an orb of
                  | fire]
 90011 | Zot:5    | Killed an orb of fire
 90062 | Zot:5    | Noticed an orb of fire
 90067 | Zot:5    | Gained mutation: Armour fits poorly on your strangely
                  | shaped body. [an orb of fire]
 90078 | Zot:5    | Gained mutation: Your spells are a little easier to cast,
                  | but a little less powerful. [an orb of fire]
 90079 | Zot:5    | Killed an orb of fire
 91367 | Zot:5    | Got the Orb of Zot
 91526 | Zot:1    | Noticed Iguced the pandemonium lord
 91612 | Depths:5 | Paralysed by a sphinx for 4 turns
 91779 | Depths:3 | Noticed Cimet the pandemonium lord
 91783 | Depths:3 | Gained mutation: Scrolls take you longer to read. [a
                  | neqoxec]
 91791 | Depths:3 | Killed Jolumpet the pandemonium lord
 91828 | Depths:3 | Killed Cimet the pandemonium lord
 92070 | D:11     | Noticed Bixoroc the pandemonium lord
 92084 | D:11     | Gained mutation: You tend to lose your temper in combat. [a
                  | cacodemon]
 92089 | D:11     | Gained mutation: Scrolls take you much longer to read. [a
                  | cacodemon]
 92099 | D:11     | Gained mutation: Your body sometimes deteriorates upon
                  | taking damage. [a cacodemon]
 92284 | D:2      | Lost mutation: You are resistant to electric shocks.
                  | (rElec) [potion of mutation]
 92284 | D:2      | Lost mutation: Armour fits poorly on your strangely shaped
                  | body. [potion of mutation]
 92284 | D:2      | Lost mutation: You have large cloven feet. [potion of
                  | mutation]
 92284 | D:2      | Lost mutation: Scrolls take you much longer to read.
                  | [potion of mutation]
 92284 | D:2      | Lost mutation: You are very clumsy. (Dex -4) [potion of
                  | mutation]
 92284 | D:2      | Gained mutation: Your flesh is cold resistant. (rC+)
                  | [potion of mutation]
 92285 | D:2      | Lost mutation: Scrolls take you longer to read. [potion of
                  | mutation]
 92285 | D:2      | Lost mutation: You tend to lose your temper in combat.
                  | [potion of mutation]
 92285 | D:2      | Gained mutation: You possess an exceptional clarity of
                  | mind. [potion of mutation]
 92286 | D:2      | Lost mutation: Scrolls take you a little longer to read.
                  | [potion of mutation]
 92286 | D:2      | Lost mutation: You are clumsy. (Dex -2) [potion of
                  | mutation]
 92286 | D:2      | Lost mutation: Your flesh is cold resistant. (rC+) [potion
                  | of mutation]
 92286 | D:2      | Gained mutation: Your body often deteriorates upon taking
                  | damage. [potion of mutation]
 92286 | D:2      | Gained mutation: You expend magic power (3 MP) to
                  | strengthen your wands. [potion of mutation]
 92287 | D:2      | Lost mutation: Your body often deteriorates upon taking
                  | damage. [potion of mutation]
 92287 | D:2      | Lost mutation: Your body sometimes deteriorates upon taking
                  | damage. [potion of mutation]
 92287 | D:2      | Lost mutation: You are very weak. (Str -4) [potion of
                  | mutation]
 92287 | D:2      | Lost mutation: Your magical capacity is low. (-10% MP)
                  | [potion of mutation]
 92287 | D:2      | Gained mutation: Your body sometimes deteriorates upon
                  | taking damage. [potion of mutation]
 92287 | D:2      | Lost mutation: You do not regenerate when monsters are
                  | visible. [potion of mutation]
 92287 | D:2      | Gained mutation: Your mind is acute. (Int +2) [potion of
                  | mutation]
 92288 | D:2      | Lost mutation: Your spells are a little easier to cast, but
                  | a little less powerful. [potion of mutation]
 92288 | D:2      | Lost mutation: Your mind is acute. (Int +2) [potion of
                  | mutation]
 92288 | D:2      | Lost mutation: You expend magic power (3 MP) to strengthen
                  | your wands. [potion of mutation]
 92288 | D:2      | Lost mutation: You are weak. (Str -2) [potion of mutation]
 92288 | D:2      | Gained mutation: You are dopey. (Int -2) [potion of
                  | mutation]
 92288 | D:2      | Gained mutation: You are resistant to electric shocks.
                  | (rElec) [potion of mutation]
 92334 | D:1      | Reached skill level 21 in Shields
 92385 | D:$      | Escaped with the Orb!

Skill      XL: |  1  2  3  4  5  6  7  8  9 10 11 12 13 14 15 16 17 18 19 20 21 22 23 24 25 26 27 |
---------------+----------------------------------------------------------------------------------+-----
Axes           | 2 3 4 5 6 7 9 10 12 13 14 15 16 17 18 | 18.0
Shields        | 3 4 5 6 8 9 10 11 12 13 14 16 17 18 19 21 | 21.0
Armour         | 3 4 5 7 8 10 11 12 13 14 15 16 17 18 | 18.3
Dodging        | 1 2 3 4 7 9 10 | 10.5
Fighting       | 4 5 6 7 8 9 10 11 12 13 14 15 16 17 18 19 | 19.3
Necromancy     | 1 2 4 5 |  5.0
Spellcasting   | 1 2 3 4 5 8 |  8.7
Invocations    | 3 5 8 10 11 13 14 15 16 17 18 19 20 | 20.0
Translocations | 3 5 6 |  6.1
Hexes          | 4 7 10 11 13 14 | 14.4
Charms         | 3 6 9 11 12 14 | 14.3
Crossbows      | 4 7 8 10 | 10.0

Action                   |  1- 3 |  4- 6 |  7- 9 | 10-12 | 13-15 | 16-18 | 19-21 | 22-24 | 25-27 || total
-------------------------+-------+-------+-------+-------+-------+-------+-------+-------+-------++-------
Melee: War axe           |   137 |   141 |   394 |   652 |       |       |       |       |       ||  1324
       Broad axe         |       |       |       |   305 |  1725 |  1647 |  1571 |  1556 |  1825 ||  8629
       Scimitar          |       |       |       |    17 |    58 |   106 |       |       |       ||   181
       Headbutt          |       |       |       |    70 |   527 |   649 |   454 |   478 |   554 ||  2732
 Fire: Hand crossbow     |       |       |       |       |       |       |       |       |    10 ||    10
Throw: Javelin           |       |     9 |    16 |     1 |       |    11 |       |       |       ||    37
 Cast: Apportation       |       |       |       |       |     1 |       |       |       |       ||     1
       Song of Slaying   |       |       |       |       |       |       |       |       |     1 ||     1
Invok: Minor Destruction |       |       |       |     4 |       |       |       |       |       ||     4
       Lesser Servant of |       |       |       |     8 |    47 |    16 |    27 |     5 |       ||   103
       Major Destruction |       |       |       |       |     1 |     9 |     2 |       |     1 ||    13
       Greater Servant o |       |       |       |       |     1 |     4 |     3 |    10 |    12 ||    30
Evoke: Wand              |       |     3 |     1 |     4 |     2 |       |       |       |       ||    10
  Use: Potion            |       |     1 |     4 |     1 |     5 |     3 |     8 |     3 |     7 ||    32
       Scroll            |       |       |    15 |    12 |    28 |    23 |     7 |    21 |    17 ||   123
 Stab: Distracted        |       |       |       |     3 |    16 |     9 |    11 |    14 |    10 ||    63
       Sleeping          |       |       |       |       |     2 |       |       |       |       ||     2
       Confused          |       |       |       |       |     2 |       |       |       |       ||     2
       Petrifying        |       |       |       |       |     1 |       |       |       |       ||     1
       Held in net/web   |       |       |       |       |       |     1 |       |       |       ||     1
  Eat: Chunk             |     2 |     8 |    12 |    66 |    57 |    39 |    29 |    19 |    22 ||   254
       Ration            |       |       |     3 |       |       |       |     1 |     5 |    10 ||    19
Armor: Scale mail        |    50 |    59 |     9 |       |       |       |       |       |       ||   118
       Chain mail        |       |       |   158 |   584 |    98 |       |       |       |       ||   840
       Skin              |       |       |     2 |       |       |       |       |       |       ||     2
       Ring mail         |       |       |       |       |   298 |       |       |       |       ||   298
       Plate armour      |       |       |       |       |   279 |       |       |       |       ||   279
       Crystal plate arm |       |       |       |       |   198 |   887 |   365 |    94 |       ||  1544
       Gold dragon scale |       |       |       |       |       |       |       |   403 |   501 ||   904
Dodge: Dodged            |    34 |    39 |   116 |   297 |   511 |   201 |   146 |   193 |   215 ||  1752
Block: Shield            |    78 |    75 |   190 |   545 |   875 |       |       |       |       ||  1763
       Large shield      |       |       |       |       |   495 |  2235 |  1546 |  1758 |  1743 ||  7777
       Rpst.: Scimitar   |       |       |       |     3 |     1 |     5 |       |       |       ||     9
